[Event "Early-Titled-Tuesday-Blitz-January-23-2024"]
[Site "Chess.com"]
[Date "2024.01.23"]
[Round "9"]
[White "flomarechot"]
[Black "zurzan"]
[Result "1-0"]
[WhiteElo "2302"]
[BlackElo "2042"]
[TimeControl "180+1"]
[EndTime "9:46:46 PST"]
[Termination "flomarechot won on time"]

1. Nf3 g6 2. c4 Bg7 3. g3 d6 4.
Bg2 c6 5. Nc3 e5 6. O-O f5 7. d4 e4 8. Ne1 Nf6 9. Bf4 O-O 10. Qd2 Nh5 11. Bg5 Qe8 12. f3 exf3 13.
exf3 Be6 14. b3 Nd7 15. Nc2 Qf7 16. Rae1 d5 17. cxd5 cxd5 18. Nb5 Ndf6 19. Nd6 Qd7 20. Nxb7 Qxb7 21. Rxe6 Rae8 22. Rfe1 Rxe6 23. Rxe6 Qd7 24.
Re1 Re8 25. Kf2 Rxe1 26. Nxe1 Kf7 27. Nd3 Ne8 28. Nc5 Qc6 29. h4 Bf6 30. Bf1 Bxg5 31.
Qxg5 Nhf6 32. Qd2 Nd6 33. Qa5 f4 34. g4 Nfe8 35. Qxa7+ Kf8 36. Qd7 Qxd7 37. Nxd7+ Ke7 38. Ne5 Nc7 39. Nd3 Ne6 40. a4 Nxd4 41. Nxf4 Nxb3 42. Nxd5+ Ke6 43. Nc3 Ke5 44. Kg3 Kd4 45. Nb5+ Nxb5 46. axb5 Kc5 47. Kf4 Nd4 48. Bd3 Ne6+ 49.
Ke5 Nd4 50. f4 Nf3+ 51. Kf6 Nxh4 52. Kg7 h5 53. gxh5 gxh5 54. Kh6 Ng2 55. f5 Nf4 56. f6 Ne6 57. Kxh5 Kd4 58. Be2 Ke3 59. b6 Kf4 60. b7 1-0

[Event "Early-Titled-Tuesday-Blitz-January-23-2024"]
[Site "Chess.com"]
[Date "2024.01.23"]
[Round "9"]
[White "YurasovMat-2012"]
[Black "AlexOstrovskiy"]
[Result "0-1"]
[WhiteElo "2603"]
[BlackElo "2790"]
[TimeControl "180+1"]
[EndTime "9:46:51 PST"]
[Termination "AlexOstrovskiy won on time"]

1. e4 d5 2. exd5 Nf6 3. Nf3 Bg4 4. h3 Bxf3 5. Qxf3 Qxd5 6. Qe3 Nc6 7. Nc3 Qd7 8. Bb5 a6 9. Ba4 e6 10. O-O Be7 11. d4 b5 12. Bb3 Nxd4 13. Rd1 c5 14.
Ne4 Qc6 15. Ng3 O-O 16. c3 Nxb3 17. axb3 Rfd8 18. Qe2 Rxd1+ 19. Qxd1 Rd8 20. Qe2 Bd6 21. Bg5 Bxg3 22. fxg3 Rd5 23. h4 c4 24. b4 Nd7 25.
Rf1 h6 26. Be3 Qd6 27. Bf4 Qe7 28. Qf3 Nf8 29. Re1 Qd7 30. h5 Rd3 31. Qg4 Kh7 32. Be3 f6 33. Bc5 Kg8 34. Rf1 e5 35.
Qe4 Ne6 36. Be3 Rd1 37. Qg6 Rxf1+ 38. Kxf1 Qf7 39. Qf5 Nf8 40. g4 Qd7 41. Qe4 Kf7 42. Kf2 Ne6 43. Qa8 Qe7 44. Qh8 Qd7 45. Qh7 Nf8 46.
Qe4 Qe6 47. Kg3 Nd7 48. Qb7 Ke7 49. Bc5+ Kf7 50. Be3 Kg8 51. Qc8+ Kh7 52. Qc7 Nf8 53. Bc5 Nd7 54. Bd6 Kg8 55. Bc5 Kf7 56. Be3 f5 57. gxf5 Qxf5 58. Qc8 Qe6 0-1

[Event "Early-Titled-Tuesday-Blitz-January-23-2024"]
[Site "Chess.com"]
[Date "2024.01.23"]
[Round "9"]
[White "Alenzer"]
[Black "ViktoriyaTarasova"]
[Result "0-1"]
[WhiteElo "2150"]
[BlackElo "2293"]
[TimeControl "180+1"]
[EndTime "9:46:52 PST"]
[Termination "ViktoriyaTarasova won by checkmate"]

1. e4 e5 2. Nf3 Nc6 3. Bb5 Nf6 4. O-O Nxe4 5. Re1 Nd6 6. a4 f6 7. Bxc6 dxc6 8. Nxe5 fxe5 9. Qh5+ Nf7 10. Rxe5+ Be7 11. Ra3 O-O 12. Rxe7 Qxe7 13. Re3 Qf6 14. Nc3 Bf5 15.
d3 Rfe8 16. Ne4 Qg6 17. Qf3 Nd6 18. Ng3 Bg4 19. Qf4 h5 20. h3 Bd7 21. Bd2 Nf5 22.
Rf3 Nxg3 23. Rxg3 Qf7 24. Qd4 Bf5 25. Bh6 Bg6 26. Be3 b6 27. b3 Re6 28. Bg5 Rae8 29. Kh2 Re5 30. Be3 Rf5 31. Qc3 h4 32. Rg4 Rfe5 33.
Bd4 R5e7 34. Be3 Rxe3 35. fxe3 Rxe3 36. Qxc6 Re6 37. Qc3 Qe7 38. Qd4 Qd6+ 39. Qxd6 Rxd6 40.
Rxh4 Rc6 41. c4 Rd6 42. Rg4 Bxd3 43. h4 Bc2 44. b4 Bxa4 45. c5 Rd7 46. cxb6 axb6 47.
Rc4 Bb5 48. Re4 c6 49. Re6 Kf7 50. Re3 Rd4 51. Rf3+ Kg8 52. g3 Rxb4 53. Re3 Rc4 54. Rf3 Kh7 55. Rb3 Kg6 56. Kh3 Kf6 57. Rf3+ Ke6 58.
Re3+ Kd6 59. Rf3 Re4 60. Rf7 Re7 61. Rf4 c5 62. Rf1 Bxf1+ 63. Kh2 Bb5 64. Kh3 Bc6 65. h5 b5 66. Kh4 b4 67. g4 b3 68. h6 gxh6 69. Kh5 b2 70. Kxh6 b1=Q 71. g5 Qh7# 0-1

[Event "Early-Titled-Tuesday-Blitz-January-23-2024"]
[Site "Chess.com"]
[Date "2024.01.23"]
[Round "9"]
[White "NovakRatko"]
[Black "Balla_Tamas"]
[Result "1/2-1/2"]
[WhiteElo "2345"]
[BlackElo "2451"]
[TimeControl "180+1"]
[EndTime "9:46:53 PST"]
[Termination "Game drawn by stalemate"]

1. d4 d5 2. c4 e6 3. cxd5 exd5 4. Nc3 c6 5. f3 Bd6 6. e4 Qh4+ 7. Kd2 Nf6 8. Bd3 dxe4 9. fxe4 Bg4 10. Nf3 Bxf3 11.
Qxf3 Bf4+ 12. Kc2 Bxc1 13. Raxc1 O-O 14. e5 Nd5 15. Nxd5 cxd5 16. Qxd5 Nc6 17. Qe4 Nxd4+ 18. Kb1 Qxe4 19. Bxe4 Rfe8 20. Bxb7 Rab8 21. Be4 Rxe5 22.
Bd3 g6 23. Rhe1 Rd5 24. Bc4 Rf5 25. Rcd1 Nc6 26. Rf1 Rxf1 27. Rxf1 Ne5 28. Bb3 Rd8 29. Re1 Nc6 30. a3 Rd2 31. Re8+ Kg7 32. Rc8 Nd4 33.
Bd5 Ne2 34. Bf3 Nf4 35. Rc7 Nd3 36. Bd5 Rxb2+ 37. Ka1 Rf2 38. Rxa7 Nc5 39. h3 h5 40. a4 g5 41. a5 Na4 42. Rc7 Rf5 43. Rd7 Nc3 44. Bc4 Rxa5+ 45. Kb2 Ne4 46. Bxf7 Kf6 47.
Bxh5 Rb5+ 48. Kc2 Ra5 49. Bf3 Ra2+ 50. Kb3 Nc5+ 51. Kxa2 Nxd7 52. Kb2 Ne5 53. Be4 g4 54. h4 Kg7 55. Kc3 Kh6 56. Kd4 Nf7 57. Ke3 Kh5 58. g3 Ne5 59. Kf4 Nc4 60. Bf5 Nd6 61.
Bxg4+ Kh6 62. Be6 Ne8 63. g4 Ng7 64. Bd7 Kg6 65. Bb5 Kh6 66. Be2 Ne6+ 67. Kf5 Nd4+ 68. Kf6 Nxe2 69. g5+ Kh7 70. g6+ Kg8 71. h5 Nf4 72.
Kg5 Nxh5 73. Kxh5 Kg7 74. Kg5 Kg8 75. Kf6 Kf8 76. Ke6 Kg7 77. Kf5 Kg8 78. Kg5 Kg7 79.
Kh5 Kg8 80. Kh6 Kh8 81. Kg5 Kg7 82. Kf5 Kg8 83. Kf4 Kg7 84. Kg5 Kg8 85. Kf6 Kf8 86.
g7+ Kg8 87. Kg6 1/2-1/2

[Event "Early-Titled-Tuesday-Blitz-January-23-2024"]
[Site "Chess.com"]
[Date "2024.01.23"]
[Round "9"]
[White "TitarovVasiliYouTube"]
[Black "KhazhatulyAlikhan"]
[Result "1-0"]
[WhiteElo "2539"]
[BlackElo "2348"]
[TimeControl "180+1"]
[EndTime "9:46:56 PST"]
[Termination "TitarovVasiliYouTube won by resignation"]

1. e4 c5 2. Nf3 e6 3. Be2 a6 4. O-O Nc6 5. Re1 d6 6. c3 Nf6 7.
Bf1 Be7 8. d4 O-O 9. a4 e5 10. d5 Nb8 11. Na3 Re8 12. Nc4 Nbd7 13. a5 b5 14. axb6 Nxb6 15. Na5 Qc7 16. Nd2 Bd7 17. Ndc4 Nxc4 18. Bxc4 Reb8 19. Qe2 Bd8 20. Bg5 Rb6 21. Nc6 h6 22. Bxf6 Bxf6 23. Bxa6 Bxc6 24. dxc6 Rxc6 25. Bc4 Rb8 26. Bd5 Rcb6 27. b3 g6 28. Ra4 Kg7 29. Rea1 Rf8 30. Ra7 Qc8 31. Qc4 Qb8 32.
Bxf7 Kh8 33. Bxg6 Bg7 34. Bf7 Rb7 35. Rxb7 Qxb7 36. Bd5 Qe7 37. g3 Qf6 38. Qe2 Qg5 39. Kg2 Qf6 40. Ra7 Qg5 41. Rf7 Rxf7 42. Bxf7 Qf6 43.
Bd5 Qd8 44. Qa6 Bf8 45. Qb7 Qe7 46. Qc8 Qf6 47. Be6 Kg7 48. Bf5 Qe7 49. Qa8 Qc7 50.
Qd5 Qe7 51. Qc6 Qd8 52. h3 Qb8 53. Qd7+ Kf6 54. Qh7 Bg7 55. Qg6+ Ke7 56. Qxg7+ Kd8 57. Qh8+ Kc7 58. Qxb8+ Kxb8 59. h4 c4 60. bxc4 d5 61. cxd5 1-0

[Event "Early-Titled-Tuesday-Blitz-January-23-2024"]
[Site "Chess.com"]
[Date "2024.01.23"]
[Round "9"]
[White "abhidabhi"]
[Black "AlexPapasimakopoulos"]
[Result "0-1"]
[WhiteElo "2920"]
[BlackElo "2751"]
[TimeControl "180+1"]
[EndTime "9:46:57 PST"]
[Termination "AlexPapasimakopoulos won on time"]

1. b3 d5 2. Bb2 Bg4 3. f3 Bh5 4. h4 f6 5. e3 e5 6. Nc3 Nc6 7.
g4 Bf7 8. d4 exd4 9. exd4 Qe7+ 10. Nge2 O-O-O 11. Qd2 Kb8 12. O-O-O h5 13. Ng3 hxg4 14.
fxg4 Qd7 15. Be2 Nh6 16. g5 Ng4 17. Qf4 Bd6 18. Qxg4 Qxg4 19. Bxg4 Bxg3 20. gxf6 gxf6 21.
h5 Rdg8 22. Bf3 Ne7 23. Ba3 Bf4+ 24. Kb2 Rg3 25. Rdf1 Bd6 26. Bxd6 cxd6 27. Ne2 Rg5 28. Nf4 Nf5 29. Rd1 Ng3 30. Rh3 Ne4 31. h6 Nf2 32.
Rh4 Nxd1+ 33. Bxd1 Rh7 34. Be2 Kc7 35. Bd3 f5 36. Be2 Kd7 37. Bf3 Ke7 38. Rh3 Kf6 39.
Bxd5 Rg4 40. Bxf7 Kxf7 41. Nd5 Rxd4 42. Ne3 Kg6 43. Rg3+ Kf6 44. Rf3 f4 45. Kc3 Re4 46.
Nd5+ Ke5 47. Nb4 Rxh6 48. Nd3+ Kf5 49. Rf1 Rh3 50. Kd2 d5 51. a4 d4 52. a5 f3 53.
Nc5 Re2+ 54. Kd3 b6 55. axb6 axb6 56. Na4 b5 57. Nc5 Re8 58. Kxd4 Kg4 59. Nd3 Rh2 60. Ne5+ Rxe5 61. Kxe5 b4 62. Rc1 Rd2 0-1

[Event "Early-Titled-Tuesday-Blitz-January-23-2024"]
[Site "Chess.com"]
[Date "2024.01.23"]
[Round "9"]
[White "ValentunHulka"]
[Black "SirStrateg"]
[Result "0-1"]
[WhiteElo "2809"]
[BlackElo "2669"]
[TimeControl "180+1"]
[EndTime "9:46:58 PST"]
[Termination "SirStrateg won by resignation"]

1. Nc3 d6 2. e4 Nf6 3. d4 c6 4.
f4 Qa5 5. Nf3 Nxe4 6. Bd2 Nxd2 7. Qxd2 Nd7 8. d5 Nf6 9. Bc4 cxd5 10. Bxd5 Nxd5 11. Nxd5 Qxd2+ 12. Kxd2 Kd8 13. Ng5 Be6 14. c4 h6 15. Nxe6+ fxe6 16. Nc3 Rc8 17. b3 g5 18.
Rae1 Kd7 19. fxg5 hxg5 20. Ne4 Bh6 21. Kd3 Rhf8 22. Re3 g4 23. Rg3 Rf4 24. Re1 d5 25. Nd2 Bg7 26. h3 Bf6 27. hxg4 Bh4 28. Ree3 Bxg3 29.
Rxg3 Rg8 30. g5 Kd6 31. Nf3 Rf5 32. Rg4 a6 33. a3 b5 34. cxb5 axb5 35. Rb4 Rfxg5 36.
Nxg5 Rxg5 37. Rxb5 Rg3+ 38. Kc2 Rxg2+ 39. Kc3 e5 40. Rb6+ Kc5 41. Re6 Rg3+ 42. Kb2 Kd4 43.
a4 e4 44. a5 Rg2+ 45. Ka3 e3 46. a6 e2 47. a7 Rg8 48. Rxe2 e5 49. Rc2 Ra8 50.
Rc7 e4 51. b4 e3 52. b5 e2 53. b6 e1=Q 54. Ka4 Qa1+ 55. Kb5 Qb2+ 56. Kc6 Qc3+ 57. Kb7 Rxa7+ 58. bxa7 Qb4+ 59. Kc8 Qf8+ 60. Kb7 Qb4+ 61. Kc6 Qa4+ 62. Kd6 Qa6+ 63. Kd7 Ke4 64. Ke8 d4 65. Re7+ Kd3 66. Kf8 Kd2 67. Ke8 d3 68. Kd8 Kd1 69.
Kc7 Qxa7+ 70. Kd6 Qxe7+ 71. Kxe7 d2 0-1

[Event "Early-Titled-Tuesday-Blitz-January-23-2024"]
[Site "Chess.com"]
[Date "2024.01.23"]
[Round "9"]
[White "ViIIagra"]
[Black "Iball95"]
[Result "1-0"]
[WhiteElo "2973"]
[BlackElo "2779"]
[TimeControl "180+1"]
[EndTime "9:47:01 PST"]
[Termination "ViIIagra won by checkmate"]

1. d3 Nf6 2. g3 d5 3. Bg2 c5 4. e4 Nc6 5. Nc3 dxe4 6. dxe4 Qxd1+ 7.
Nxd1 Nd4 8. Kd2 Ng4 9. c3 Nc6 10.
h3 Nge5 11. f4 Nc4+ 12. Kc2 e5 13. Ne3 Nxe3+ 14. Bxe3 Be6 15. f5 Bc4 16. b3 Ba6 17. Bf1 Bxf1 18. Rxf1 O-O-O 19. Nf3 Be7 20. g4 Rd7 21.
Rd1 Rhd8 22. Rxd7 Rxd7 23. g5 Kc7 24. h4 b5 25. h5 a6 26. Rg1 g6 27. Rh1 Bd6 28.
Nh2 Ne7 29. Rf1 Nc6 30. Ng4 Be7 31. fxg6 fxg6 32. h6 Kd6 33. Rf7 Bd8 34. Bxc5+ Ke6 35. Rxd7 Kxd7 36. Be3 Ke6 37. Nh2 Be7 38. Nf3 Bd6 39.
b4 Be7 40. a3 Bd6 41. Kb3 Be7 42. c4 Bd6 43. c5 Be7 44. a4 Kd7 45. Nd2 Ke6 46.
Nb1 Bd8 47. Nc3 Na7 48. Ka3 Be7 49. Ka2 Bd8 50. Kb2 Be7 51. Ka3 Bd8 52. c6 Nxc6 53. axb5 axb5 54. Nxb5 Be7 55. Bd2 Bf8 56. Kb3 Be7 57. Kc4 Kd7 58. Kd5 Bxb4 59. Bxb4 Nxb4+ 60. Kxe5 Ke7 61. Nc3 Nd3+ 62. Kd4 Nf2 63. Nd5+ Ke6 64. Nf6 Nh3 65. Nxh7 Kd6 66. Nf8 Nxg5 67. h7 Nf7 68. Nxg6 Nh8 69. Nxh8 Ke6 70. Ng6 Kf6 71. h8=Q+ Kg5 72.
Nf8 Kg4 73. Qf6 Kh5 74. Qg7 Kh4 75. Ke3 Kh5 76. Kf3 Kh4 77. Qh6# 1-0

[Event "Early-Titled-Tuesday-Blitz-January-23-2024"]
[Site "Chess.com"]
[Date "2024.01.23"]
[Round "9"]
[White "DefiantChair"]
[Black "enriquetejedor"]
[Result "0-1"]
[WhiteElo "2556"]
[BlackElo "2726"]
[TimeControl "180+1"]
[EndTime "9:47:01 PST"]
[Termination "enriquetejedor won by checkmate"]

1. e4 c6 2. d4 d5 3. e5 h6 4. f4 c5 5. Nf3 cxd4 6. Nxd4 Nc6 7. c3 e6 8. Be3 Nge7 9. Bd3 h5 10. Nd2 g6 11. N2b3 Nf5 12. Nxf5 exf5 13. Qd2 Be7 14. O-O-O Be6 15. Be2 Rc8 16. Kb1 a6 17. Bf3 Na5 18.
Bxd5 Qxd5 19. Qxd5 Bxd5 20. Rxd5 Nc4 21. Bc1 h4 22.
Rhd1 h3 23. g3 Rc7 24. R5d3 O-O 25. Nd4 Bc5 26. Nf3 Be7 27. Ng1 b5 28. Nxh3 b4 29. b3 Nb6 30. c4 a5 31. Be3 Rb8 32. Bxb6 Rxb6 33. Rd7 Rbb7 34. Rxc7 Rxc7 35. Ng1 g5 36. Nf3 gxf4 37. gxf4 f6 38. e6 Bc5 39. Nd4 Re7 40.
Kc2 Kh7 41. Nxf5 Rxe6 42. Ng3 a4 43. Rd5 Bg1 44. bxa4 Re3 45. Rd7+ Kg6 46. a5 Ra3 47. f5+ Kh6 48. Ne4 Rxa2+ 49. Kb3 Rxa5 50. Nxf6 Rxf5 51.
Nd5 Bc5 52. Rc7 Rf3+ 53. Kc2 b3+ 54. Kd2 b2 55. Rb7 Bd4 56. Kc2 Rf2+ 57. Kd3 Bg7 58. c5 Rf1 59. Rb6+ Kh7 60. Kc2 Rc1+ 61. Kd3 b1=Q+ 62.
Rxb1 Rxb1 63. Kc4 Be5 64. h4 Kg6 65. c6 Kf7 66. Kd3 Ke6 67. Ne3 Bc7 68. Nc4 Rh1 69.
Na3 Rh3+ 70. Kc4 Rxa3 71. h5 Rh3 72. Kb5 Rxh5+ 73. Ka6 Kd6 74. Kb7 Rb5+ 75. Kc8 Rb8# 0-1

[Event "Early-Titled-Tuesday-Blitz-January-23-2024"]
[Site "Chess.com"]
[Date "2024.01.23"]
[Round "9"]
[White "dropstoneDP"]
[Black "Pliukha_Mikhail"]
[Result "1-0"]
[WhiteElo "3041"]
[BlackElo "2747"]
[TimeControl "180+1"]
[EndTime "9:47:02 PST"]
[Termination "dropstoneDP won by checkmate"]

1. e4 d5 2. exd5 Qxd5 3. Nc3 Qe5+ 4. Be2 Bg4 5. d4 Bxe2 6. Ngxe2 Qa5 7. b4 Qh5 8. Qd3 e6 9. Ng3 Qg6 10. Qb5+ Nd7 11. O-O Nf6 12. d5 O-O-O 13. dxe6 fxe6 14. Be3 a6 15. Qc4 h5 16. Nge4 Nxe4 17. Qxe4 Qxe4 18.
Nxe4 Bxb4 19. Rab1 Be7 20. a4 Ne5 21. Rfe1 Nc4 22.
Bc5 Rhe8 23. Rb4 Bxc5 24. Rxc4 Bb6 25. Kf1 Rd5 26. h4 Red8 27. c3 Kb8 28. g3 Re5 29.
f4 Red5 30. Kg2 Rd3 31. Re2 Re8 32. Ng5 g6 33. Nf3 Rd5 34. Rce4 Red8 35. Rxe6 R5d6 36. Ng5 Ka7 37. Kh3 Rd3 38. Rxg6 Rxc3 39. Ne4 Rc1 40. f5 Rf8 41. f6 Rh1+ 42. Kg2 Rg1+ 43. Kh2 Ra1 44.
Rg5 Rxa4 45. Rxh5 a5 46. g4 Ra1 47. g5 a4 48. g6 Bg1+ 49. Kg2 Bd4 50. g7 Rd8 51. Rg5 a3 52. Rd2 a2 53. Ra5+ Kb6 54.
Raxa2 Rg1+ 55. Kh2 Bxf6 56. Rxd8 Rxg7 57. Nxf6 Rf7 58.
Nd5+ Kc6 59. Rc2+ Kb5 60. Nxc7+ Kb6 61. Rd1 Rf5 62. Rb1+ Ka7 63. Ra1+ Kb6 64. Na8+ Kb5 65. Rb1+ Ka6 66. Ra2+ Ra5 67. Rb6+ Ka7 68. Rxa5+ Kb8 69. h5 Kc8 70. h6 Kb8 71. h7 Kc8 72. Rd5 Kb8 73.
h8=Q+ Ka7 74. Ra5# 1-0

[Event "Early-Titled-Tuesday-Blitz-January-23-2024"]
[Site "Chess.com"]
[Date "2024.01.23"]
[Round "9"]
[White "Knightmare1014"]
[Black "ProChessWICTH"]
[Result "0-1"]
[WhiteElo "2330"]
[BlackElo "2529"]
[TimeControl "180+1"]
[EndTime "9:47:02 PST"]
[Termination "ProChessWICTH won by checkmate"]

1. e4 c5 2. Nf3 e6 3. d4 cxd4 4. Nxd4 a6 5. Nc3 Nc6 6. Nb3 Qc7 7. Bd3 Nf6 8. O-O Be7 9. Kh1 d6 10. f4 O-O 11. Bd2 b5 12. a3 Bb7 13. Qe2 Rac8 14. Rae1 e5 15. f5 Nd4 16. Nxd4 exd4 17. Nd1 Nd7 18. Nf2 Ne5 19. Bf4 Nxd3 20. cxd3 Qc2 21.
Qg4 Qxb2 22. Nh3 f6 23. Rf3 Qxa3 24. Rg3 Rf7 25. Bh6 Bf8 26. Nf4 Rc1 27. Rg1 Rxg1+ 28. Kxg1 Qc1+ 29. Kf2 Qd2+ 30. Kf1 Rc7 31. Qe2 Rc1+ 32.
Kf2 Qxe2+ 33. Nxe2 Rc2 34. Ke1 Kf7 35. Nxd4 Rb2 36.
Bd2 d5 37. Ne6 Ke7 38. Nxg7 dxe4 39. dxe4 Bxe4 40. Be3 Bxg7 41. Rxg7+ Kd6 42. Bf4+ Kd5 43. Rd7+ Kc4 44. Kd1 Rxg2 45. Rxh7 Bxf5 46. Rc7+ Kd3 47. Kc1 Rg1+ 48. Kb2 Rf1 49. Bg3 Be4 50. Rd7+ Kc4 51.
Rd6 a5 52. Rd8 b4 53. Rc8+ Kb5 54. Kb3 Rf3+ 55. Kb2 Ka4 56. Ra8 Rb3+ 57. Ka2 Ra3+ 58. Kb2 Rb3+ 59. Ka2 Bxa8 60. Bd6 Bd5 61. Bc7 Rh3+ 62. Kb2 Rb3+ 63. Ka2 Rc3+ 64. Kb2 Rxc7 65. h4 b3 66. h5 Rc2+ 67. Kb1 Rh2 68. h6 Be4+ 69. Kc1 b2+ 70. Kd1 b1=Q# 0-1

[Event "Early-Titled-Tuesday-Blitz-January-23-2024"]
[Site "Chess.com"]
[Date "2024.01.23"]
[Round "9"]
[White "GMKrikor"]
[Black "ViratKohl_i"]
[Result "1-0"]
[WhiteElo "2801"]
[BlackElo "2604"]
[TimeControl "180+1"]
[EndTime "9:47:03 PST"]
[Termination "GMKrikor won on time"]

1. Nf3 Nf6 2. c4 c5 3. Nc3 b6 4. d4 cxd4 5. Nxd4 Bb7 6. f3 e6 7. e4 d6 8. Be3 Be7 9. Qd2 Nbd7 10. Be2 a6 11. O-O O-O 12. Rfd1 Rc8 13. a4 Qc7 14. a5 bxa5 15. Nb3 Qb8 16. Nxa5 Ba8 17. b4 Bd8 18. Rab1 Ne5 19. Na4 Bc7 20. b5 Bxa5 21. Qxa5 axb5 22. Rxb5 Qc7 23. Nb6 Nc6 24. Qa3 Rcd8 25. Nxa8 Rxa8 26. Qxd6 Qc8 27. Rc5 Ra6 28. h3 Qa8 29. Qd2 Rd8 30.
Qe1 Rxd1 31. Bxd1 h6 32. Rb5 Ra1 33. Rb2 Ne5 34. Rc2 Qa4 35. Rc1 Qa3 36. Rxa1 Qxa1 37. Kh2 Nxc4 38. Bf4 Nh5 39. Bc7 Qa7 40. Bg3 Nxg3 41.
Qxg3 Qd4 42. Be2 e5 43. Bxc4 Qxc4 44. Qxe5 Qe2 45. Qf4 Kh7 46. h4 Qa6 47. Qxf7 Qd6+ 48. Kh3 Qd1 49. Qf5+ Kg8 50. Kh2 Qe1 51. Qf4 Qe2 52.
h5 Qe1 53. Qg4 Qe2 54. Qf5 Qe1 55. Kh3 Qh1+ 56. Kg3 Qe1+ 57. Kf4 Qd2+ 58. Kg3 Qe1+ 59. Kg4 Qg1 60. g3 Qd1 61. e5 1-0

[Event "Early-Titled-Tuesday-Blitz-January-23-2024"]
[Site "Chess.com"]
[Date "2024.01.23"]
[Round "9"]
[White "1mbl4"]
[Black "vasblesk"]
[Result "0-1"]
[WhiteElo "2576"]
[BlackElo "2780"]
[TimeControl "180+1"]
[EndTime "9:47:05 PST"]
[Termination "vasblesk won by resignation"]

1. d4 d5 2. Nf3 Nf6 3. Bf4 c5 4.
e3 e6 5. Nbd2 Qb6 6. Rb1 Bd7 7.
Ne5 Bb5 8. c4 dxc4 9. Ndxc4 Qa6 10. Be2 cxd4 11. exd4 Bb4+ 12. Bd2 Bxd2+ 13. Qxd2 O-O 14.
O-O Nbd7 15. b3 Rad8 16. a4 Nxe5 17. axb5 Qxb5 18. Nd6 Qd5 19. Qb2 Ng6 20. Nc4 Qxd4 21. Qa3 a6 22. Bf3 b5 23. Na5 Ne5 24. b4 Qd3 25.
Qxd3 Rxd3 26. Bb7 Rd6 27. Rfc1 g5 28. h3 Kg7 29. Rc7 Rfd8 30. Re1 Nd3 31. Rb1 h5 32. Nc6 R8d7 33. Rxd7 Nxd7 34. Na5 N7e5 35. Rb3 h4 36.
Rb1 Nf4 37. Bc8 Ned3 38. Bb7 Ne2+ 39. Kf1 Nc3 40. Rb3 Na2 41. Rb1 Naxb4 42. Bf3 Nc2 43. Nb7 Rd4 44. Rd1 Ne5 45. Rc1 Nxf3 46. gxf3 Nb4 47.
Nc5 Rc4 48. Rxc4 bxc4 49. Ke2 a5 50. Kd2 Nd5 51. Nb7 a4 52. Na5 c3+ 53. Kc1 Nf4 54. Kc2 Nxh3 55. Kxc3 Nxf2 56. Kd2 h3 57. Ke2 h2 58. Kxf2 h1=Q 59. Nc4 Qh2+ 60. Ke3 Qf4+ 61.
Kd3 Qxf3+ 62. Kd4 Qd5+ 63. Kc3 g4 64. Ne3 Qc5+ 65. Kd3 g3 66. Ng2 Qf2 67. Ne3 g2 68. Nxg2 Qxg2 69. Ke3 Qg4 70. Kd3 Kf6 71. Ke3 Ke5 72.
Kd3 Qd4+ 73. Kc2 Qe3 74. Kb2 Kd4 75. Ka2 Qd2+ 76. Ka3 Kc4 0-1

[Event "Early-Titled-Tuesday-Blitz-January-23-2024"]
[Site "Chess.com"]
[Date "2024.01.23"]
[Round "9"]
[White "VladimirKramnik"]
[Black "wonderfultime"]
[Result "1/2-1/2"]
[WhiteElo "2945"]
[BlackElo "3039"]
[TimeControl "180+1"]
[EndTime "9:47:10 PST"]
[Termination "Game drawn by stalemate"]

1. e4 e5 2. Nf3 Nc6 3. Bc4 Bc5 4. d3 d6 5. c3 Nf6 6. O-O a6 7. Re1 Ba7 8. a4 O-O 9. h3 h6 10. Nbd2 Ne7 11. d4 Ng6 12. Bf1 Re8 13. Qc2 d5 14. exd5 exd4 15. Rxe8+ Qxe8 16. c4 c6 17. b4 cxd5 18. c5 Ne4 19. Nxd4 Bd7 20. Bb2 a5 21.
Nxe4 dxe4 22. b5 Rc8 23. Nb3 Be6 24. Qc3 Qf8 25. Qxa5 Bb8 26. Nd4 e3 27. fxe3 Bd5 28.
Nf5 Be4 29. Nd6 Bxd6 30. cxd6 Qxd6 31. Qe1 Rc2 32. Rd1 Qe7 33. Rd2 Qc7 34. Rxc2 Qxc2 35. Qc3 Qxc3 36. Bxc3 Ne7 37. a5 Nd5 38. Bd4 Nb4 39.
a6 bxa6 40. bxa6 Ba8 41. Bc5 Nd5 42. Kf2 Nc3 43. Ke1 g5 44. Bd4 Ne4 45. a7 f5 46.
Be2 Kf7 47. g4 Ke6 48. gxf5+ Kxf5 49. Bg4+ Kg6 50. Ke2 h5 51. Bd7 g4 52. hxg4 h4 53.
Bf5+ Kg5 54. Be5 h3 55. Bf4+ Kh4 56. Bxe4 Bxe4 57. g5 h2 58. Bxh2 Kxg5 59. Kd2 Kf5 60. Kc3 Ke6 61. Kd4 Ba8 62. Kc5 Bg2 63. Kb6 Kd7 64. Bf4 Bf3 65. Kc5 Kc8 66. Kb6 Be4 67. Be5 Bf3 68. Bg3 Be4 69. Be5 Bf3 70. Bf4 Be4 71.
Kc5 Kb7 72. Bb8 Ka8 73. Kd4 Bh7 74. Ke5 Bb1 75. e4 Bxe4 76. Kxe4 Kb7 77. Kd5 Ka8 78.
Kc6 1/2-1/2

[Event "Early-Titled-Tuesday-Blitz-January-23-2024"]
[Site "Chess.com"]
[Date "2024.01.23"]
[Round "9"]
[White "LeoWin2012"]
[Black "hsd2016"]
[Result "1-0"]
[WhiteElo "2207"]
[BlackElo "2282"]
[TimeControl "180+1"]
[EndTime "9:47:14 PST"]
[Termination "LeoWin2012 won by resignation"]

1. e4 c6 2. d4 d5 3. exd5 cxd5 4.
Bd3 Nf6 5. h3 Nc6 6. c3 e6 7. Bf4 Bd6 8. Bxd6 Qxd6 9. Nf3 O-O 10. O-O e5 11. dxe5 Nxe5 12. Nxe5 Qxe5 13. Nd2 Be6 14.
Nf3 Qf4 15. Nd4 Bd7 16. Qf3 Qd2 17. Qe2 Qg5 18. Qf3 Rfe8 19. Rae1 Qd2 20. Re2 Rxe2 21.
Qxe2 Qg5 22. Nf3 Qh6 23. Qd2 Qh5 24. Qf4 Re8 25. Re1 Rxe1+ 26. Nxe1 Qd1 27. Kf1 h6 28. Qb8+ Be8 29. Bb5 Kf8 30. Qd6+ Kg8 31. Qb8 Kf8 32. Bxe8 Nxe8 33. Qxb7 Qd2 34. Qb4+ Kg8 35. Qb8 Kf8 36. a4 a5 37. Qb5 Nd6 38. Qc5 Ke7 39. Qc7+ Ke6 40.
Qb6 Kd7 41. Qxa5 Ne4 42. Qa7+ Ke6 43. Qe3 Qxb2 44. f3 Kd6 45. fxe4 d4 46. Qxd4+ Ke6 47. Qd5+ Ke7 48. Qe5+ Kd7 49. Qd4+ Ke7 50. Nd3 Qb1+ 51. Kf2 Qc2+ 52. Ke3 f6 53. Qc5+ Kf7 54. Qd5+ Kf8 55. Qd8+ Kf7 56. Qd7+ Kf8 57. Kd4 Qxg2 58. Qd8+ Kf7 59. Qd7+ Kf8 60. a5 Qg1+ 61. Kc4 Qa1 62. Qd8+ Kf7 63. Qd7+ Kf8 64. Qb5 Qe1 65. Qb8+ Kf7 66.
Qc7+ Kf8 67. Qd8+ Kf7 68. Qd5+ Kf8 69. a6 Qa1 70. Qd8+ Kf7 71. Qc7+ Kf8 72. Qb8+ Kf7 73. Qb7+ Kf8 74. a7 Qa4+ 75. Nb4 Qe8 76. Qb8 1-0

[Event "Early-Titled-Tuesday-Blitz-January-23-2024"]
[Site "Chess.com"]
[Date "2024.01.23"]
[Round "9"]
[White "DenLaz"]
[Black "SpeedofLight0"]
[Result "1-0"]
[WhiteElo "3098"]
[BlackElo "2926"]
[TimeControl "180+1"]
[EndTime "9:47:17 PST"]
[Termination "DenLaz won by checkmate"]

1. d4 Nf6 2. c4 e6 3. Nf3 d5 4.
g3 Be7 5. Bg2 O-O 6. O-O dxc4 7.
Qc2 a6 8. a4 Bd7 9. Qxc4 Bc6 10. Bg5 Nbd7 11. Rd1 h6 12. Bxf6 Nxf6 13. Nbd2 Rc8 14.
Qd3 Nd5 15. Ne5 Be8 16. Qb3 Rb8 17. Ne4 a5 18. e3 Nb4 19. Nd3 Bc6 20. Nc3 Bxg2 21.
Kxg2 Nxd3 22. Rxd3 c6 23. h4 Bb4 24. Ne2 Qd5+ 25. Qxd5 cxd5 26. Rc1 b5 27. axb5 Rxb5 28.
Rdd1 Bd6 29. Rc2 Rfb8 30. Rdd2 Bb4 31. Rd1 Bd6 32. Rdd2 Kf8 33. Nc1 Ke7 34. Nd3 h5 35. Kf3 g6 36. Ke2 Rb3 37. Rc6 R3b6 38. Rc1 Rb5 39.
Rdc2 R8b7 40. Ra1 Kd7 41. Ra4 Rc7 42. Rxc7+ Kxc7 43. Kd2 Kb6 44. Kc2 Ka6 45. Ra1 Rb7 46. Kd2 Kb5 47. b3 Rc7 48. Rc1 Bb4+ 49. Kd1 Rxc1+ 50.
Kxc1 Bd6 51. Kc2 Kb6 52. Ne1 Kb5 53. Nf3 f6 54. Ne1 Bb4 55. Nd3 Bd6 56. Kd2 Bb4+ 57.
Ke2 Bd6 58. Kf3 Kc6 59. g4 hxg4+ 60. Kxg4 Kb5 61. h5 gxh5+ 62. Kxh5 Kc6 63. Kg6 f5 64. Kf6 Kd7 65. Kf7 Kc7 66. Kxe6 f4 67. exf4 Bf8 68. f5 Kb6 69. f6 Kb5 70. Kxd5 Bh6 71. f7 Bf8 72. Ne5 Bg7 73. Nc6 Kb6 74.
f4 Bf8 75. f5 Kb5 76. f6 Kb6 77. Nd8 Kb5 78. Ne6 Bh6 79. f8=Q Bxf8 80. Nxf8 Kb4 81.
f7 Kxb3 82. Nd7 a4 83. Nc5+ Kb4 84. f8=Q a3 85. Qf3 a2 86. Qb3+ Ka5 87. Kc6 a1=N 88.
Qb5# 1-0

[Event "Early-Titled-Tuesday-Blitz-January-23-2024"]
[Site "Chess.com"]
[Date "2024.01.23"]
[Round "9"]
[White "Arlo2024"]
[Black "ExchangeAB"]
[Result "1/2-1/2"]
[WhiteElo "2308"]
[BlackElo "2422"]
[TimeControl "180+1"]
[EndTime "9:47:30 PST"]
[Termination "Game drawn by repetition"]

1. e4 c6 2. d4 d5 3. exd5 cxd5 4.
Bd3 Nf6 5. h3 g6 6. Nf3 Bf5 7.
O-O Bxd3 8. Qxd3 Bg7 9. Re1 O-O 10. Bf4 Ne4 11. Nbd2 Nxd2 12. Qxd2 e6 13. Re2 Nc6 14.
c3 b6 15. Rae1 b5 16. a3 a5 17. h4 Qb6 18. h5 b4 19. axb4 axb4 20. Bh6 bxc3 21.
bxc3 Ne7 22. Bxg7 Kxg7 23. h6+ Kg8 24. Ne5 Qc7 25. Ng4 Kh8 26. Re3 Nf5 27. Rf3 Rac8 28. Nf6 Nd6 29. Qg5 Qd8 30. Qf4 Nc4 31. g4 Qd6 32.
Qg5 Qd8 33. Qf4 Qc7 34. Qg5 Qe7 35. Qf4 Rcd8 36. g5 Qd6 37. Qh4 Qb8 38. Ng4 Nd6 39. Ne5 Nf5 40. Qf4 Kg8 41. Rfe3 f6 42. gxf6 Rxf6 43.
Rf3 Rdf8 44. Qg5 Qd6 45. Ng4 R6f7 46. Ne5 Qd8 47. Nxf7 Kxf7 48. Qxd8 Rxd8 49. Ra1 Rd7 50. Ra6 Rc7 51. Rh3 Kf6 52. Kf1 Rd7 53. Ke2 Re7 54. Kd2 Kg5 55. Ra1 Kf6 56. Rah1 Nd6 57. Ra1 Ne4+ 58.
Ke3 Nxc3 59. Rf3+ Kg5 60. Rg1+ Kxh6 61. Rh3+ Kg7 62. Rgh1 Kg8 63. Rg3 Ne4 64. Rgh3 Nd6 65. Ra1 Nf5+ 66. Kf4 Kg7 67. Ke5 Rf7 68. Ra8 Ne7 69.
Kd6 Nf5+ 70. Kxe6 Nxd4+ 71. Kxd5 Nf5 72. Rha3 Rd7+ 73. Ke4 Re7+ 74. Kf3 Rf7 75. R8a7 Nd4+ 76. Kg2 Ne6 77. Rxf7+ Kxf7 78. Kg3 h5 79. Ra7+ Kf6 80.
Ra6 Kf5 81. Ra5+ Kf6 82. Ra6 g5 83. Ra5 Kg6 84. Ra6 Kf5 85. Ra5+ Kf6 86. Ra6 Kf5 87. Ra5+ Kf6 88. Ra6 Kf5 1/2-1/2